AoeStats
← [GG] Shevchenko 7

Arena

505622245Analyzed
1v1 RM · 23d ago on Sep 10, 2026· 41m 5s· 2 players
Game mode
Random Map
Map size
Tiny (2 player)
Population
200
Speed
Normal
Resources
Standard
Victory
Conquest
Starting age
Dark Age
Ending age
Imperial Age
RankedLock teamsTeams togetherTeam positionsShared explorationLock speedFull tech treeHidden civsTurbo modeCheats
Victory
Defeat
🇧🇷 Portuguese · Brazil
1136
+15
🇮🇹 Bohemians · Italy
1104
-15
Aevyan
11:56 Feudal Age
13:48 Horse Collar
17:02 Castle Age
18:51 Elite Skirmisher
27:41 Imperial Age
26:51 Double-Bit Axe
30:20 Chemistry
34:16 Pikeman
34:56 Squires
34:42 Arson
[GG] Shevchenko 7
9:47 Feudal Age
9:03 Loom
14:06 Castle Age
24:25 Fletching
25:50 Redemption
27:10 Sanctity
32:11 Imperial Age
31:01 Light Cavalry
31:52 Bloodlines
31:56 Scale Barding Armor
34:30 Chemistry
35:47 Chain Barding Armor
35:38 Forging
35:34 Husbandry
38:37 Plate Barding Armor
38:24 Scale Mail Armor
39:15 Iron Casting
40:43 Chain Mail Armor
Connection lost

Rejoining the realm…

Still unreachable

The connection could not be restored.

Session expired

The server has moved on; the page needs a fresh start.